 Dungeon Crawl Stone Soup version 0.26.1-11-gd32895ea62 (webtiles) character file.

Game seed: 17427501129710271904

38 alphawulf the Archer (level 3, -4/31 HPs)
             Began as a Gnoll Hunter on June 6, 2021.
             Slain by a worm (9 damage)
             ... on level 2 of the Dungeon.
             The game lasted 00:04:00 (1219 turns).

alphawulf the Archer (Gnoll Hunter)                 Turns: 1219, Time: 00:04:00

Health: -4/31      AC:  4    Str: 15    XL:     3   Next: 43%
Magic:  4/4        EV: 14    Int: 13    God:
Gold:   63         SH:  0    Dex: 15    Spells: 3/3 levels left

rFire    . . .     SeeInvis +   b - +1 hand axe (freeze)
rCold    . . .     Faith    .   (no shield)
rNeg     . . .     Spirit   .   c - +1 leather armour
rPois    +         Reflect  .   (no helmet)
rElec    .         Harm     .   (no cloak)
rCorr    .         Rampage  .   (no gloves)
Will     .....                  (no boots)
Stlth    ++........             (no amulet)
HPRegen  0.10/turn              e - ring of see invisible
MPRegen  0.09/turn              g - ring of poison resistance

@: no status effects
A: distributed training, fangs 1, strong nose
a: no special abilities


You were on level 2 of the Dungeon.
You visited 1 branch of the dungeon, and saw 2 of its levels.

You collected 63 gold pieces.

Inventory:

Hand Weapons
 a - a +1 shortbow
 b - a +1 hand axe of freezing (weapon)
Missiles
 d - 50 arrows
 j - 28 bolts
Armour
 c - a +1 leather armour (worn)
Jewellery
 e - a ring of see invisible (left hand)
 g - a ring of poison resistance (right hand)
Potions
 f - a potion of haste {unknown}
 h - a potion of heal wounds
 i - a potion of curing {unknown}
 k - a potion of ambrosia {unknown}


   Skills:
 + Level 4.5 Fighting
 + Level 0.8 Short Blades
 + Level 0.8 Long Blades
 + Level 0.8 Axes
 + Level 0.8 Maces & Flails
 + Level 0.8 Polearms
 + Level 0.8 Staves
 + Level 0.8 Slings
 + Level 8.5 Bows
 + Level 0.8 Crossbows
 + Level 0.8 Throwing
 + Level 0.8 Armour
 + Level 4.5 Dodging
 + Level 2.4 Stealth
 + Level 0.8 Shields
 + Level 0.8 Unarmed Combat
 + Level 0.8 Spellcasting
 + Level 0.5 Conjurations
 + Level 0.5 Hexes
 + Level 0.5 Summonings
 + Level 0.5 Necromancy
 + Level 0.5 Translocations
 + Level 0.5 Transmutations
 + Level 0.5 Fire Magic
 + Level 0.5 Ice Magic
 + Level 0.5 Air Magic
 + Level 0.5 Earth Magic
 + Level 0.5 Poison Magic
 + Level 1.0 Invocations
 + Level 0.8 Evocations


You had 3 spell levels left.
You didn't know any spells.
Your spell library was empty.

Dungeon Overview and Level Annotations

Branches:
Dungeon (2/15)

Altars:


Innate Abilities, Weirdness & Mutations

Your experience applies equally to all skills.
You have very sharp teeth.
Your uncanny sense of smell can sniff out nearby items.


Message History

You hit the worm but do no damage. You bite the worm.
The worm is lightly wounded.
The worm bites you.
You completely miss the worm.
Your leather armour prevents you from hitting the worm.
You bite the worm, but do no damage. The worm bites you!
You hit the worm. You freeze the worm.
The worm is heavily wounded.
The worm bites you.
* * * LOW HITPOINT WARNING * * *
You hit the worm. You freeze the worm.
The worm is heavily wounded.
The worm bites you.
* * * LOW HITPOINT WARNING * * *
You barely miss the worm. You bite the worm.
The worm is heavily wounded.
You hit the worm. You freeze the worm.
The worm is severely wounded.
The worm bites you!
You die...

######## ########.?.....h
#.....#.. #......#........
#.....#.####.####.#........
#.....#......# #.#........
#.....#....### #.#...h?..?
#.....#[...# #.#.....$..
#.....#..### #.#........
#.....#..########.#........
##.....#.....#.†@w..........
.'.....#.<.#.#†###.#........
##.....#...#....##.##..<...#
#.....#...###..##.# .#.##.#
#####)#.....#..##.# w#..# #
#.#.#.#.#..##.# .# .#
######.#.....#..##.# .. .#
.............#.....######
.#####.#.#..##.##.........


You could see a worm.

Vanquished Creatures
  An adder (D:2)
  A leopard gecko (D:1)
  2 bats (D:1)
  3 goblins (D:1)
  2 hobgoblins (D:1)
  8 jackals
  A ball python (D:1)
  3 kobolds (D:1)
  5 rats (D:1)
26 creatures vanquished.

Notes
Turn   | Place    | Note
-------+----------+-------------------------------------------
     0 | D:1      | alphawulf the Gnoll Hunter began the quest for the Orb.
     0 | D:1      | Reached XP level 1. HP: 20/20 MP: 1/1
   236 | D:1      | Reached XP level 2. HP: 26/26 MP: 2/2
   617 | D:1      | Reached XP level 3. HP: 31/31 MP: 3/3
  1210 | D:2      | Reached skill level 1 in Invocations
  1219 | D:2      | Slain by a worm

Illustrated notes

Levels and vault maps discovered:
D:1:      nzn_arrival_crosshair, layout_basic
D:2:      layout_basic, led_sif_pool

Skill      XL: |  1  2  3 |
---------------+----------+-----
Invocations    | 1 |  1.0
Fighting       | |  4.5
Short Blades   | |  0.8
Long Blades    | |  0.8
Axes           | |  0.8
Maces & Flails | |  0.8
Polearms       | |  0.8
Staves         | |  0.8
Slings         | |  0.8
Bows           | |  8.5
Crossbows      | |  0.8
Throwing       | |  0.8
Armour         | |  0.8
Dodging        | |  4.5
Stealth        | |  2.4
Shields        | |  0.8
Unarmed Combat | |  0.8
Spellcasting   | |  0.8
Conjurations   | |  0.5
Hexes          | |  0.5
Summonings     | |  0.5
Necromancy     | |  0.5
Translocations | |  0.5
Transmutations | |  0.5
Fire Magic     | |  0.5
Ice Magic      | |  0.5
Air Magic      | |  0.5
Earth Magic    | |  0.5
Poison Magic   | |  0.5
Evocations     | |  0.8

Action                   || total
-------------------------++-------
Melee: Short sword       ||    40
       Bite              ||     6
       Hand axe          ||    16
 Fire: Shortbow          ||    35
  Use: Scroll            ||     3
Armor: Leather armour    ||    10
Dodge: Dodged            ||    35
